 Dungeon Crawl Stone Soup version 0.27.0-66-gdc8fb28755 (webtiles) character file.

Game seed: 11976095480334202585

6238 Thatpatchoflichen the Fighter (level 10, -9/90 HPs)
             Began as a Green Draconian Ice Elementalist on Aug 19, 2021.
             Was a Believer of Sif Muna.
             Shot with an arrow by a tengu warrior (14 damage)
             ... on level 11 of the Dungeon.
             The game lasted 00:36:45 (11427 turns).

Thatpatchoflichen the Fighter (DrIE)               Turns: 11427, Time: 00:36:46

Health: -9/90      AC: 18    Str: 10    XL:     10   Next: 62%
Magic:  12/19      EV: 15    Int: 19    God:    Sif Muna [**....]
Gold:   788        SH: 11    Dex: 12    Spells: 14/21 levels left

rFire    x . .     SeeInvis .   m - +2 falchion (elec)
rCold    + . .     Faith    +   C - +2 kite shield
rNeg     . . .     Spirit   .   (armour unavailable)
rPois    +         Reflect  .   (helmet restricted)
rElec    .         Harm     .   A - +2 cloak
rCorr    .         Rampage  .   (no gloves)
Will     .....                  (no boots)
Stlth    ++........             G - amulet of faith
HPRegen  0.25/turn              i - +4 ring of evasion
MPRegen  0.16/turn              p - ring of ice

@: ice-armoured, about to teleport, freezing walls, studying Transmutations
A: breathe noxious fumes, AC +7, unfitting armour, poison resistance,
cold-blooded
a: Breathe Noxious Fumes, Renounce Religion, Channel Magic


You were on level 11 of the Dungeon.
You worshipped Sif Muna.
Sif Muna was pleased with you.
You visited 2 branches of the dungeon, and saw 11 of its levels.

You collected 788 gold pieces.

Inventory:

Hand Weapons
 l - a +0 short sword of venom
 m - a +2 falchion of electrocution (weapon)
 n - a +0 war axe of flaming
 w - a +2 shortbow of flaming
 I - a +3 dagger of freezing
Missiles
 a - 30 poisoned darts
 c - 325 stones
 f - 183 arrows
 h - 4 atropa-tipped darts
 k - 11 boomerangs
 o - 2 javelins
 r - 65 bolts
Armour
 u - a +0 tower shield
 A - a +2 cloak (worn)
 C - a +2 kite shield (worn)
Jewellery
 b - a ring of positive energy
 i - a +4 ring of evasion (left hand)
 p - a ring of ice (right hand)
 B - a +4 ring of protection
 F - a ring of fire
 G - an amulet of faith (around neck)
Wands
 s - a wand of digging (6)
 K - a wand of flame (34)
Scrolls
 d - 3 scrolls of fear
 q - 3 scrolls of teleportation
 t - 2 scrolls of fog {unknown}
 v - a scroll of enchant weapon {unknown}
 y - a scroll of immolation {unknown}
 D - 2 scrolls of amnesia {unknown}
 H - a scroll of vulnerability {unknown}
Potions
 e - 4 potions of curing
 g - 3 potions of heal wounds
 j - 2 potions of mutation {unknown}
 x - 3 potions of berserk rage {unknown}
 z - 3 potions of lignification
 E - 2 potions of flight {unknown}


   Skills:
 + Level 8.5 Fighting
 - Level 4.0 Dodging
 - Level 1.7 Stealth
 + Level 6.6 Shields
 + Level 6.3 Spellcasting
 - Level 6.0 Conjurations
 + Level 6.9 Transmutations
 + Level 6.0 Ice Magic
 - Level 3.5 Invocations


You had 14 spell levels left.
You knew the following spells:

 Your Spells              Type           Power      Damage    Failure   Level
a - Freeze                Ice            100%       1d11      2%          1
b - Frozen Ramparts       Ice            86%        1d10      8%          3
c - Ozocubu's Armour      Ice            43%        N/A       8%          3

Your spell library contained the following spells:

 Spells                   Type           Power      Damage    Failure   Level
 Shock                    Conj/Air       68%        1d7       9%          1
 Hailstorm                Conj/Ice       43%        3d10      26%         4
 Pain                     Necr           24%        1d5       30%         1
 Agony                    Necr           6%         N/A       100%        5
 Excruciating Wounds      Necr           3%         N/A       100%        5


Dungeon Overview and Level Annotations

Branches:
Dungeon (9/15)             Temple (1/1) D:7
   Lair: D:8-11         Orc: D:9-12

Altars:
Ashenzari
Cheibriados
Elyvilon
Fedhas
Gozag
Hepliaklqana
Kikubaaqudgha
Makhleb
Nemelex Xobeh
Okawaru
Qazlal
Sif Muna
Trog
Uskayaw
Vehumet
Wu Jian
Xom
Yredelemnul
Zin
The Shining One
Lugonu

Shops:
D:2 [   D:6 ?

Annotations:
D:4 2 transporters, ZappyNine's ghost, amateur GnBr
D:5 1 runed translucent door, dtburroughs's ghost, novice MiBe


Innate Abilities, Weirdness & Mutations

You can breathe blasts of noxious fumes.
Your lurid green scales are hard. (AC +7)
You cannot fit into any form of body armour.
Your system is resistant to poisons. (rPois)
You are cold-blooded and may be slowed by cold attacks.


Message History

A cyclops comes into view.
The cyclops shouts!
You bump into the rock wall.
You feel less confused. The vampire closely misses you.
The vampire bites you but does no damage.
The tengu warrior shoots an arrow.
The arrow hits you!!
Casting: Frozen Ramparts (dangerous; 8% risk of failure)
Confirm with . or Enter, or press ? or * to list all spells.
Casting: Frozen Ramparts (dangerous; 8% risk of failure)
Press: ? - help, Dir - look around, f - activate You feel a surge of power!
The walls around you are covered in ice.
The vampire resists.
The wall freezes the vampire.
The vampire closely misses you.
You riposte.
You slash the vampire!
The vampire is severely damaged.
The vampire bites you but does no damage.
Casting: Frozen Ramparts (dangerous; 8% risk of failure)
Confirm with . or Enter, or press ? or * to list all spells.
You feel a surge of power! A film of ice covers your body!
The tengu warrior shoots an arrow.
You block the arrow.
The vampire resists.
The wall freezes the vampire.
The vampire draws life force from you.
The vampire is healed by the life force!
The cyclops throws a large rock.
You block the large rock.
Aiming: Freeze (safe; 2% risk of failure)
Press: ? - help, Q - select action, (/) - cycle Shift-Dir - straight line, f - vampire
Aim: a vampire (severely damaged)
You feel a surge of power!
You freeze the vampire but do no damage.
The vampire completely resists.
The tengu warrior shoots an arrow.
The arrow hits you!!
* * * LOW HITPOINT WARNING * * *
The vampire resists.
The wall freezes the vampire.
The vampire draws life force from you!
* * * LOW HITPOINT WARNING * * *
The vampire is healed by the life force!
As you read the scroll of teleportation, it crumbles to dust.
You feel strangely unstable.
The tengu warrior shoots an arrow.
The arrow hits you!
You die...

# #. #.
#.### ..
#.... #...
...###.C...
#.....Q...
#####.@##
#.!..V..# #
#.####.##.#
#.......#
#.......#
#.......#
#.......#
#.......#
#.......#


You could see a tengu warrior, a cyclops and a vampire.

Vanquished Creatures
  A boulder beetle (D:6)
  Maggie (D:7)
  A troll (D:6)
  A vampire (D:7)
  A wyvern (D:9)
  Sigmund (D:3)
  Grum (D:8)
  5 yaks (D:8)
  A water moccasin (D:8)
  5 orc warriors
  An ice beast (D:6)
  A sky beast (D:7)
  A black bear (D:5)
  2 necrophages
  2 wolves (D:8)
  7 centaurs
  A phantom (D:5)
  9 bullfrogs
  4 scorpions
  3 wights (D:7)
  A howler monkey (D:8)
  2 centaur zombies
  3 centaur skeletons (D:7)
  2 hounds
  5 orc priests
  Crazy Yiuf (D:4)
  A bullfrog skeleton (D:6)
  A jelly (D:5)
  An iguana (D:5)
  Terence (D:2)
  10 orc wizards
  A killer bee zombie (D:6)
  A hound skeleton (D:4)
  Robin (D:3)
  7 adders
  3 gnolls (D:3)
  3 shadow imps
  2 ufetubi (D:7)
  An adder skeleton (D:4)
  A worm (D:3)
  3 dart slugs (D:1)
  15 orcs
  6 endoplasms
  A giant cockroach (D:1)
  13 goblins
  9 hobgoblins
  7 jackals
  6 kobolds
  5 quokkas
  7 ball pythons
  9 bats
  4 frilled lizards
  5 rats
187 creatures vanquished.

Vanquished Creatures (others)
  An orc wizard (D:7)
  2 fungi (D:4)
  A plant (D:2)
4 creatures vanquished.

Grand Total: 191 creatures vanquished

Notes
Turn   | Place    | Note
-------+----------+-------------------------------------------
     0 | D:1      | Thatpatchoflichen the Draconian Ice Elementalist began the
                  | quest for the Orb.
     0 | D:1      | Reached XP level 1. HP: 14/14 MP: 3/3
   421 | D:1      | Reached XP level 2. HP: 20/22 MP: 0/5
   672 | D:1      | Reached skill level 1 in Fighting
   975 | D:1      | Reached XP level 3. HP: 28/28 MP: 1/6
  1173 | D:1      | Found a faded altar of an unknown god.
  1462 | D:2      | Found Momia's Antique Armour Boutique.
  1688 | D:2      | Reached skill level 2 in Fighting
  1732 | D:2      | Learned a level 3 spell: Frozen Ramparts
  2098 | D:2      | Noticed Terence
  2107 | D:2      | Killed Terence
  2108 | D:2      | Reached skill level 5 in Ice Magic
  2108 | D:2      | Reached XP level 4. HP: 30/37 MP: 0/7
  2169 | D:2      | Learned a level 3 spell: Ozocubu's Armour
  2672 | D:3      | Noticed Robin
  2679 | D:3      | Killed Robin
  2920 | D:3      | Reached XP level 5. HP: 42/42 MP: 5/9
  3153 | D:3      | Reached skill level 3 in Fighting
  3583 | D:3      | Found a broken altar of Ashenzari.
  3595 | D:3      | Found a shimmering altar of Xom.
  3994 | D:3      | Noticed Sigmund
  4000 | D:3      | Killed Sigmund
  4001 | D:3      | Reached skill level 1 in Conjurations
  4001 | D:3      | Reached XP level 6. HP: 51/51 MP: 1/11
  4313 | D:4      | Noticed ZappyNine's ghost (amateur GnBr)
  4689 | D:4      | Found a transporter.
  4713 | D:4      | Found a transporter.
  4977 | D:4      | Found a runed translucent door.
  4978 | D:4      | Noticed Crazy Yiuf
  5005 | D:4      | Killed Crazy Yiuf
  5314 | D:5      | Entered Level 5 of the Dungeon
  5433 | D:5      | Your scales start taking on a lurid green colour.
  5433 | D:5      | Reached XP level 7. HP: 40/58 MP: 13/13
  5433 | D:5      | Gained mutation: Your system is resistant to poisons.
                  | (rPois) [Green Draconian growth]
  5453 | D:5      | Reached skill level 4 in Fighting
  5644 | D:5      | HP: 1/60 [black bear (5)]
  5669 | D:5      | Reached skill level 5 in Fighting
  5910 | D:5      | Reached XP level 8. HP: 68/68 MP: 14/14
  6147 | D:5      | Found a radiant altar of Vehumet.
  6169 | D:5      | Got Vehumet's Reference Book on Conjuration
  6179 | D:5      | Found an ancient bone altar of Kikubaaqudgha.
  6354 | D:5      | Found a shimmering blue altar of Sif Muna.
  6383 | D:5      | Became a worshipper of Sif Muna the Loreminder
  6576 | D:5      | Found a runed translucent door.
  6581 | D:5      | Noticed dtburroughs's ghost (novice MiBe)
  6583 | D:5      | Identified the +8 short sword of the Swamp {vorpal, +Blink
                  | Will- Int+5}
  6979 | D:6      | Noticed a troll
  6979 | D:6      | Noticed a boulder beetle
  6999 | D:6      | Reached skill level 1 in Shields
  7231 | D:6      | Reached skill level 6 in Fighting
  7255 | D:6      | Found Imayxkuh's Magic Scroll Shop.
  7346 | D:6      | Killed a troll
  7481 | D:6      | Found a blossoming altar of Fedhas.
  7823 | D:6      | Killed a boulder beetle
  7824 | D:6      | Reached skill level 7 in Fighting
  7824 | D:6      | Reached skill level 5 in Spellcasting
  7824 | D:6      | Reached skill level 5 in Conjurations
  7824 | D:6      | Reached XP level 9. HP: 18/79 MP: 5/17
  8325 | D:7      | Reached skill level 1 in Transmutations
  8482 | D:7      | Noticed Maggie
  8492 | D:7      | Killed Maggie
  8748 | D:7      | Found a staircase to the Ecumenical Temple.
  9062 | D:7      | Reached * piety under Sif Muna
  9418 | D:7      | Reached skill level 8 in Fighting
  9598 | D:7      | Reached skill level 5 in Shields
  9641 | Temple   | Entered the Ecumenical Temple
  9927 | D:7      | Reached XP level 10. HP: 87/88 MP: 19/19
 10092 | D:8      | Found a basalt altar of Yredelemnul.
 10094 | D:8      | Found a hide-covered altar of Uskayaw.
 10094 | D:8      | Found a burning altar of Makhleb.
 10279 | D:8      | Reached skill level 5 in Transmutations
 10338 | D:8      | Reached skill level 1 in Invocations
 10864 | D:8      | Found a glowing golden altar of the Shining One.
 10864 | D:8      | Found a glowing silver altar of Zin.
 10864 | D:8      | Found a white marble altar of Elyvilon.
 10985 | D:8      | Reached ** piety under Sif Muna
 11250 | D:8      | Noticed Grum
 11263 | D:8      | Killed Grum
 11413 | D:8      | You fall into a shaft and drop 3 floors!
 11421 | D:11     | Noticed a tengu warrior
 11422 | D:11     | Noticed a cyclops
 11427 | D:11     | Shot with an arrow by a tengu warrior

Illustrated notes

Levels and vault maps discovered:
D:1:      lightli_arrival_maybe_door_vault, layout_loops_cross,
          shapermc_ecumenical_altar_hornbeckon, chequers_jeans
D:2:      layout_loops_ring, serial_forest, infiniplex_forest_straight_3,
          infiniplex_forest_lined_ring, infiniplex_forest_end_2,
          infiniplex_forest_clump_double, infiniplex_forest_clump_curved,
          infiniplex_forest_clump_small, infiniplex_forest_lined_room_2,
          infiniplex_forest_zigzag_1, serial_shops, nicolae_shop_statue_plus,
          minivault_26, uniq_terence
D:3:      layout_basic, mainiacjoe_overflow_swirl, minmay_checkerbox,
          uniq_robin, uniq_sigmund
D:4:      layout_cave_pools, gammafunk_ghost_stat_death, uniq_crazy_yiuf_cottage
D:5:      layout_basic, palyth_temple_overflow_mages, ebering_ghost_sewer_d,
          minmay_bent
D:6:      layout_basic, mainiacjoe_overflow_alcove_1,
          nicolae_inconvenience_store, minmay_manual_moon
D:7:      layout_basic, minmay_temple_entry_slanted, kennysheep_minor_cross,
          uniq_maggie
D:8:      minmay_polygon_palace, layout_basic, good_gods_mini_temple,
          gammafunk_temple_overflow_forgotten, uniq_grum
D:9:      layout_irregular_city, mainiacjoe_overflow_concentric_impassable
D:11:     layout_basic, david_lair_shrubbed, david_orc_2
Temple:   corrupted_temple

Skill      XL: |  1  2  3  4  5  6  7  8  9 10 |
---------------+-------------------------------+-----
Fighting       | 1 2 3 5 7 8 |  8.5
Ice Magic      | 5 6 |  6.0
Spellcasting   | 3 4 5 6 |  6.3
Dodging        | 2 3 4 |  4.0
Conjurations   | 1 3 5 6 |  6.0
Shields        | 3 5 6 |  6.6
Transmutations | 4 6 |  6.9
Invocations    | 3 |  3.5
Stealth        | |  1.7

Action                   |  1- 3 |  4- 6 |  7- 9 | 10-12 || total
-------------------------+-------+-------+-------+-------++-------
Melee: Unarmed           |     2 |       |       |       ||     2
       Dagger            |    49 |   120 |       |       ||   169
       Tailslap          |     1 |    11 |    31 |     9 ||    52
       Short sword       |       |     1 |       |       ||     1
       Falchion          |       |     8 |   230 |   103 ||   341
 Cast: Freeze            |    44 |    24 |     7 |     6 ||    81
       Frozen Ramparts   |       |     7 |    13 |     7 ||    27
       Ozocubu's Armour  |       |     4 |     6 |     3 ||    13
 Abil: Breathe Noxious F |       |       |       |     4 ||     4
  Use: Potion            |       |       |     1 |       ||     1
       Scroll            |       |       |     6 |     1 ||     7
 Stab: Sleeping          |     1 |     1 |     1 |       ||     3
Armor: Skin              |    41 |    60 |   109 |    32 ||   242
Dodge: Dodged            |    97 |   113 |   202 |    80 ||   492
Block: Kite shield       |       |       |    93 |   104 ||   197
       Rpst.: Falchion   |       |     1 |    52 |    18 ||    71
